cohdb
Replays
Latest Replays
All Replays
Popular Replays
Top Player Replays
Match Explorer
How It Works
Community
CoH3 Stats
Reddit
Sign in to upload your games and track your stats! →
Sign in with Steam
Match 42347278
Unlisted
Match 42347278
Overview
Messages
Build Orders
End
Construct Section Command Post
Royal Engineer Section
Infantry Section
Infantry Section
Infantry Section
Construct Platoon Command Post
Selects Heavy Armor Battlegroup
Selects Rigorous Vehicle Training
Selects Forward Repair Assembly
Humber Armored Car
Grenade Package
Infantry Section
Infantry Section
Infantry Training
ConcernedApe
Сheeser
Ares
colinmeier50
0
0
Comments
sign in to comment!
No comments posted yet!